 Dungeon Sprint DCSS version 0.27-a0-1191-g601b473118 (webtiles) character file.

Game seed: 17195888711785347255

6041 mhtbhm the Scorcher (level 10, 0/50 HPs)
             Began as a Deep Elf Fire Elementalist on May 23, 2021.
             Was the Champion of Vehumet.
             Splashed by a yellow draconian's acid (10 damage)
             ... in the Dungeon (Sprint V: "Ziggurat Sprint").
             The game lasted 00:06:16 (957 turns).

mhtbhm the Scorcher (Deep Elf Fire Elementalist)     Turns: 957, Time: 00:06:17

Health: 0/50       AC: -1    Str:  5    XL:     10   Next: 56%
Magic:  5/31       EV: 17    Int: 36    God:    Vehumet [******]
Gold:   0          SH:  0    Dex: 15    Spells: 17/39 levels left

rFire    + + .     SeeInvis .   C - +8 lance "Wyrmbane" {slay drac, rPois rF+ rC+ AC+3}
rCold    + + .     Faith    .   (no shield)
rNeg     . . .     Spirit   .   a - +2 robe {rC+ rF+}
rPois    +         Reflect  .   (no helmet)
rElec    .         Harm     .   (no cloak)
rCorr    .         Rampage  .   (no gloves)
Will     +....     NoTele   +   (no boots)
Stlth    ++++......             (no amulet)
HPRegen  0.16/turn              u - +6 ring of intelligence
MPRegen  0.22/turn              v - +6 ring of intelligence

@: corroded, studying Polearms
A: no striking features
a: Renounce Religion


You were in the Dungeon.
You worshipped Vehumet.
Vehumet was exalted by your worship.
You visited 1 branch

Inventory:

Hand Weapons
 C - the +8 lance "Wyrmbane" (weapon) {slay drac, rPois rF+ rC+ AC+3}
   (You found it in the Dungeon)

   It affects your AC (+3).
   It protects you from fire.
   It protects you from cold.
   It protects you from poison.
Armour
 a - a +2 robe of resistance (worn)
Jewellery
 s - a ring of see invisible
 u - a +6 ring of intelligence (left hand)
 v - a +6 ring of intelligence (right hand)
Wands
 y - a wand of mindburst (7)
 z - a wand of iceblast (4)
 A - a wand of acid (2)
Scrolls
 h - 4 scrolls of blinking
 m - 4 scrolls of amnesia
 n - 7 scrolls of fog
 o - a scroll of holy word
 p - 5 scrolls of identify
 q - a scroll of fear
 r - 4 scrolls of enchant weapon
Potions
 b - 2 potions of brilliance
 c - 10 potions of curing
 d - 6 potions of heal wounds
 e - 6 potions of haste
 f - 7 potions of magic
 g - 3 potions of berserk rage
 i - 2 potions of invisibility
 j - 4 potions of resistance
 k - a potion of experience
 l - 5 potions of might
Miscellaneous
 B - a lightning rod (4/4)


   Skills:
 - Level 0.1 Fighting
 + Level 10.4 Dodging
 + Level 8.9 Stealth
 + Level 15.3 Spellcasting
 + Level 8.3 Conjurations
 + Level 18.0 Fire Magic
 + Level 6.3 Evocations


You had 17 spell levels left.
You knew the following spells:

 Your Spells              Type           Power      Damage    Failure   Level
a - Foxfire               Conj/Fire      100%       2x1d9     0%          1
b - Conjure Flame         Conj/Fire      89%        6-21      0%          3
c - Inner Flame           Hex/Fire       75%        N/A       1%          3
d - Sticky Flame          Conj/Fire      89%        2d10      1%          4
e - Fireball              Conj/Fire      44%        3d18      1%          5
f - Iron Shot             Conj/Erth      27%        9d6       11%         6

Your spell library contained the following spells:

 Spells                   Type           Power      Damage    Failure   Level
 Lee's Rapid Deconstruct  Erth           13%        3d10*     11%         5
 Animate Skeleton         Necr           54%        N/A       1%          1
 Magic Dart               Conj           100%       1d8       1%          1
 Pain                     Necr           100%       1d9       1%          1
 Blink                    Tloc           N/A        N/A       1%          2
 Call Imp                 Summ           27%        N/A       1%          2
 Poisonous Vapours        Pois/Air       54%        N/A       1%          2
 Slow                     Hex            27%        N/A       1%          2
 Mephitic Cloud           Conj/Pois/Air  47%        N/A       1%          3
 Bolt of Magma            Conj/Fire/Erth 37%        4d16      1%          5
 Iskenderun's Battlesphe  Conj           73%        2d12      1%          5
 Vampiric Draining        Necr           13%        2d7       4%          3
 Orb of Destruction       Conj           36%        9d13      11%         7
 Animate Armour           Summ/Erth      54%        N/A       13%         4
 Animate Dead             Necr           13%        N/A       13%         4
 Ice Form                 Ice/Tmut       27%        N/A       13%         4
 Leda's Liquefaction      Hex/Erth       13%        N/A       13%         4
 Agony                    Necr           27%        N/A       36%         5
 Alistair's Intoxication  Tmut/Pois      18%        N/A       36%         5
 Spellforged Servitor     Conj/Summ      27%        N/A       45%         7
 Statue Form              Tmut/Erth      18%        N/A       90%         6
 Shatter                  Erth           13%        3d14*     100%        9


Dungeon Overview and Level Annotations

Branches:
Dungeon (1/1)

Altars:
Ashenzari
Cheibriados
Dithmenos
Elyvilon
Fedhas
Gozag
Hepliaklqana
Kikubaaqudgha
Makhleb
Nemelex Xobeh
Okawaru
Qazlal
Ru
Sif Muna
Trog
Uskayaw
Vehumet
Wu Jian
Xom
Yredelemnul
Zin
The Shining One
Beogh
Jiyva
Lugonu


Message History

Unknown command.
Unknown command.
Casting: Fireball (safe; 1% risk of failure)
Confirm with . or Enter, or press ? or * to list all spells.
Aiming: Fireball (safe; 1% risk of failure)
Press: ? - help, Shift-Dir - straight line, p - draconian The fireball explodes!
The fireball engulfs the draconian!!!
You kill the draconian!
Vehumet accepts your kill.
Your Fire Magic skill increases to level 18!
Unknown command.
Unknown command.
Unknown command.
Unknown command.
You start resting.
A red draconian is nearby!
Casting: Fireball (safe; 1% risk of failure)
Confirm with . or Enter, or press ? or * to list all spells.
Aiming: Fireball (safe; 1% risk of failure)
Press: ? - help, Shift-Dir - straight line
Okay, then.
Unknown command.
Aiming: Iceblast
Press: ? - help, Shift-Dir - straight line Out of range.
Okay, then.
Unknown command.
Okay, then.
Casting: Fireball (safe; 1% risk of failure)
Confirm with . or Enter, or press ? or * to list all spells.
Aiming: Fireball (safe; 1% risk of failure)
Press: ? - help, Shift-Dir - straight line The fireball explodes!
The fireball engulfs the yellow draconian!!
The yellow draconian is almost dead.
The yellow draconian throws acid at you.
The glob of acid hits you!
* * * LOW HITPOINT WARNING * * *
The acid corrodes you!
You are splashed with acid!
You die...

▓..8©8..▓
▓d.)))|:..▓....}..▓
▓...:d"...▓..).)..▓
▓....)d...▓...(...▓
▓.........▓...))..▓
▓...))....▓...)...▓
▓.........▓.......▓
▓.▓.....▓.▓.......▓
▓....@....▓...©...▓
▓▓▓▓▓▓▓▓▓▓▓▓▓▓▓▓▓▓▓


You could see a yellow draconian (catching breath), a red draconian and a
draconian.

Vanquished Creatures
  2 deep elf knights (D)
  2 deep elf pyromancers (D)
  A worldbinder (D)
  4 draconians (D)
  A cyclops (D)
  A rust devil (D)
  A hellwing (D)
  3 merfolk (D)
  A fire elemental (D)
  A hell hound (D)
  2 centaurs (D)
  A crimson imp (D)
  2 iron imps (D)
  4 orc priests (D)
  4 orc wizards (D)
  4 shadow imps (D)
  An ufetubus (D)
  3 orcs (D)
  A bat zombie (D)
  A ball python skeleton (D)
  A jackal zombie (D)
41 creatures vanquished.

Notes
Turn   | Place    | Note
-------+----------+-------------------------------------------
     0 | D        | mhtbhm the Deep Elf Fire Elementalist began the quest for
                  | the Orb.
     0 | D        | Reached XP level 1. HP: 10/10 MP: 6/6
     0 | D        | Found a shimmering blue altar of Sif Muna.
     0 | D        | Found a bloodstained altar of Trog.
     0 | D        | Found a sacrificial altar of Ru.
     0 | D        | Found a stormy altar of Qazlal.
     0 | D        | Found an iron altar of Okawaru.
     1 | D        | Found a sparkling altar of Nemelex Xobeh.
     1 | D        | Found a blossoming altar of Fedhas.
     2 | D        | Found the +6 Majin-Bo {vamp, MP+6 Int+6}
     2 | D        | Found the +9 heavy crossbow "Sniper" {vorpal, Acc+∞ SInv}
     2 | D        | Found the +10 dark maul {vorpal}
     2 | D        | Found the +15 Maxwell's patent armour {-Cast -Tele rElec
                  | Will+ rCorr}
     2 | D        | Found the +18 shield of the Gong {rElec rN+ Will+ EV-5}
     2 | D        | Found the +14 obsidian axe {vorpal, Drain Fly SInv}
     2 | D        | Found the +7 great mace "Firestarter" {inner flame, rF++}
     2 | D        | Found the +6 shillelagh "Devastator" {shatter}
     2 | D        | Found the +11 plutonium sword {Contam Stlth-}
     2 | D        | Found the +8 lance "Wyrmbane" {slay drac, rPois rF+ rC+
                  | AC+3}
     2 | D        | Found the +9 sword of Zonguldrok {reap}
     2 | D        | Found the +13 scythe of Curses {drain, Drain}
     2 | D        | Found the +5 sword of Power {vorpal}
     2 | D        | Found the +7 mace of Variability {chain chaos}
     2 | D        | Found the +7 Singing Sword {vorpal, sonic wave}
     2 | D        | Found the +8 storm bow {elec, penet}
     3 | D        | Found a transporter.
     3 | D        | Found an ancient bone altar of Kikubaaqudgha.
     3 | D        | Found a viscous altar of Jiyva.
     3 | D        | Found a corrupted altar of Lugonu.
     3 | D        | Found a hazy altar of Hepliaklqana.
     3 | D        | Found a burning altar of Makhleb.
     3 | D        | Found an opulent altar of Gozag.
    37 | D        | Became a worshipper of Vehumet
    58 | D        | Entered arena 2.
    58 | D        | Noticed a worldbinder
    58 | D        | Found a transporter.
    61 | D        | Reached skill level 4 in Fire Magic
    62 | D        | Noticed a wraith
    62 | D        | Killed a worldbinder
    62 | D        | Reached * piety under Vehumet
    62 | D        | Offered knowledge of Sandblast by Vehumet.
    63 | D        | Reached skill level 5 in Stealth
    63 | D        | Reached skill level 11 in Fire Magic
    63 | D        | Reached XP level 2. HP: 15/15 MP: 6/13
    63 | D        | Reached XP level 3. HP: 19/19 MP: 6/15
    63 | D        | Reached XP level 4. HP: 24/24 MP: 6/16
    63 | D        | Reached XP level 5. HP: 28/28 MP: 6/18
    63 | D        | Reached XP level 6. HP: 32/32 MP: 6/19
   154 | D        | Learned a level 3 spell: Conjure Flame
   158 | D        | Learned a level 3 spell: Inner Flame
   163 | D        | Learned a level 4 spell: Sticky Flame
   169 | D        | Learned a level 5 spell: Fireball
   176 | D        | Learned a level 6 spell: Iron Shot
   179 | D        | Entered arena 3.
   179 | D        | Found a transporter.
   207 | D        | Entered arena 4.
   207 | D        | Found a transporter.
   208 | D        | Reached ** piety under Vehumet
   209 | D        | Reached skill level 12 in Fire Magic
   234 | D        | Entered arena 5.
   234 | D        | Found a transporter.
   235 | D        | Offered knowledge of Static Discharge by Vehumet.
   235 | D        | Reached *** piety under Vehumet
   236 | D        | Reached XP level 7. HP: 36/36 MP: 17/22
   264 | D        | Entered arena 6.
   264 | D        | Noticed a fire elemental
   264 | D        | Noticed a deep elf knight
   264 | D        | Noticed a deep elf pyromancer
   264 | D        | Noticed a deep elf pyromancer
   264 | D        | Noticed a deep elf knight
   264 | D        | Found a transporter.
   266 | D        | Noticed a fire elemental
   266 | D        | Killed a deep elf pyromancer
   266 | D        | Reached **** piety under Vehumet
   267 | D        | Reached skill level 10 in Spellcasting
   267 | D        | Reached skill level 13 in Fire Magic
   267 | D        | Reached XP level 8. HP: 41/41 MP: 12/24
   267 | D        | Killed a deep elf knight
   267 | D        | Killed a deep elf knight
   268 | D        | Reached skill level 15 in Fire Magic
   268 | D        | Reached XP level 9. HP: 45/45 MP: 16/27
   271 | D        | Killed a deep elf pyromancer
   272 | D        | Reached skill level 16 in Fire Magic
   494 | D        | Entered arena 7.
   495 | D        | Identified the +6 falchion of Makhleb {vorpal, *Corrode
                  | rC+++ Will- Str+6}
   495 | D        | Offered knowledge of Ignite Poison by Vehumet.
   495 | D        | Reached ***** piety under Vehumet
   498 | D        | Reached skill level 5 in Conjurations
   647 | D        | Found a transporter.
   675 | D        | Entered arena 8.
   675 | D        | Noticed a merfolk
   675 | D        | Noticed a cyclops
   675 | D        | Noticed a merfolk
   675 | D        | Noticed a merfolk
   677 | D        | Killed a merfolk
   677 | D        | Offered knowledge of Iskenderun's Mystic Blast by Vehumet.
   679 | D        | Killed a merfolk
   679 | D        | Reached ****** piety under Vehumet
   679 | D        | Killed a merfolk
   680 | D        | Reached skill level 17 in Fire Magic
   682 | D        | Killed a cyclops
   683 | D        | Reached skill level 10 in Dodging
   683 | D        | Reached skill level 5 in Evocations
   683 | D        | Reached XP level 10. HP: 31/50 MP: 9/30
   777 | D        | Found a transporter.
   787 | D        | Got the Compendium of Mutagenic Poisoning
   800 | D        | Entered arena 9.
   800 | D        | Noticed a rust devil
   801 | D        | Identified the +12 rapier "Qoidwit" {freeze, rC+ Str+4
                  | Dex+2}
   813 | D        | Killed a rust devil
   934 | D        | Found a transporter.
   943 | D        | Entered arena 10.
   943 | D        | Noticed a draconian
   943 | D        | Noticed a draconian
   943 | D        | Noticed a yellow draconian
   943 | D        | Noticed a draconian
   943 | D        | Noticed a red draconian
   943 | D        | Noticed a draconian
   943 | D        | Noticed a draconian
   943 | D        | Noticed a draconian
   944 | D        | Identified the +9 morningstar of Urgency {flame, Str+3}
   946 | D        | Killed a draconian
   946 | D        | Offered knowledge of Lee's Rapid Deconstruction by Vehumet.
   947 | D        | Killed a draconian
   947 | D        | Killed a draconian
   948 | D        | Reached skill level 15 in Spellcasting
   954 | D        | Killed a draconian
   955 | D        | Reached skill level 18 in Fire Magic
   957 | D        | Splashed by a yellow draconian's acid

Illustrated notes

Levels and vault maps discovered:
D:        sprint_v [room_start, room_1, room_2, room_3, room_4, room_5, room_6,
          room_7, room_8, room_9, room_10, room_11, room_12, room_13, room_14,
          room_15, room_16, room_17, room_18, room_19, room_20, room_21,
          room_22, room_23, room_24, room_25, room_26, room_27]

Skill      XL: |  1  2  3  4  5  6  7  8  9 10 |
---------------+-------------------------------+-----
Stealth        | 5 6 7 8 |  8.9
Fire Magic     | 11 12 13 15 17 18 | 18.0
Dodging        | 6 7 9 10 | 10.4
Spellcasting   | 8 9 10 12 14 15 | 15.3
Evocations     | 2 3 5 6 |  6.3
Conjurations   | 2 3 4 6 8 |  8.3
Fighting       | |  0.1

Action                   |  1- 3 |  4- 6 |  7- 9 | 10-12 || total
-------------------------+-------+-------+-------+-------++-------
 Cast: Fireball          |       |     3 |    13 |    12 ||    28
       Iron Shot         |       |       |     2 |     1 ||     3
       Sticky Flame      |       |       |     1 |       ||     1
Evoke: Wand              |     4 |       |     2 |     2 ||     8
       Lightning rod     |       |       |     3 |     4 ||     7
  Use: Potion            |       |       |       |     4 ||     4
       Scroll            |       |       |       |     1 ||     1
Armor: Robe              |     1 |       |     1 |     1 ||     3
Dodge: Dodged            |     1 |       |     3 |     4 ||     8

Table legend: (Time is in decaauts)
 A = Elapsed time spent in this place.
 B = Non-inter-level travel time spent in this place.
 C = Inter-level travel time spent in this place.
 D = Time resting spent in this place.
 E = Time spent auto-exploring this place.
 F = Levels seen in this place.
 G = Mean time per level.
                   A        B        C        D        E       F      G
               +--------+--------+--------+--------+--------+-----+--------+
         Total |    955 |    955 |      0 |    676 |      0 |   1 |  955.0 |
       Dungeon |    955 |    955 |      0 |    676 |      0 |   1 |  955.0 |
               +--------+--------+--------+--------+--------+-----+--------+

Top non-repeatable levels by time:
       D: 955 daAuts
